 Dungeon Crawl Stone Soup version 0.28.0 (webtiles) character file.

Game seed: 17979890309147696234

2184 croobank the Magician (level 9, -6/37 HPs)
             Began as a Vine Stalker Earth Elementalist on Feb 4, 2022.
             Was a Follower of Hepliaklqana.
             Mangled by a wyvern (15 damage)
             ... on level 8 of the Dungeon.
             The game lasted 00:38:51 (7355 turns).

croobank the Magician (VSEE)                        Turns: 7355, Time: 00:38:52

Health: -6/37      AC:  4    Str: 10    XL:     9   Next: 33%
Magic:  0/18       EV: 17    Int: 19    God:    Hepliaklqana [*.....]
Gold:   241        SH:  0    Dex: 22    Spells: 1/19 levels left

rFire   . . .      SeeInvis .   a - +2 whip (flame)
rCold   . . .      Faith    .   (no shield)
rNeg    . . .      Spirit   +   h - +0 robe
rPois   .          Reflect  .   m - +1 helmet
rElec   .          Harm     .   (no cloak)
rCorr   .          Rampage  .   (no gloves)
Will    +....                   (no boots)
Stlth   +++.......              (no amulet)
HPRegen 0.92/turn               s - +4 ring of evasion
MPRegen 0.16/turn               B - +6 ring of dexterity

@: hasted, very quick
A: reduced essence, fangs 3, regeneration 1, magic shield, antimagic bite, no
potion heal 2
a: Renounce Religion, Recall Ancestor, Ancestor Identity


You were on level 8 of the Dungeon.
You worshipped Hepliaklqana.
Hepliaklqana was aware of your devotion.
You visited 2 branches of the dungeon, and saw 9 of its levels.

You collected 287 gold pieces.
You spent 46 gold pieces at shops.

Inventory:

Hand Weapons
 a - a +2 whip of flaming (weapon)
 b - a +0 hunting sling
 d - a +0 antimagic trident
 g - a +4 mace
 i - a +0 dagger
 j - a +0 dagger of draining
 k - a +3 dagger
 q - a +0 war axe
 y - a +2 dagger of speed
 F - a +4 falchion of freezing
Missiles
 c - 170 stones
 e - 21 bolts
 f - 18 sling bullets
 w - 7 boomerangs (quivered)
Armour
 h - a +0 robe (worn)
 m - a +1 helmet (worn)
 t - a +0 buckler
 v - a +0 ring mail
 x - a +0 leather armour
 A - a +0 scale mail
Jewellery
 s - a +4 ring of evasion (left hand)
 B - a +6 ring of dexterity (right hand)
 E - a ring of fire
Wands
 z - a wand of polymorph (16)
 C - a wand of flame (12)
Scrolls
 l - 4 scrolls of teleportation
 n - a scroll of magic mapping
Potions
 o - a potion of haste
 p - 3 potions of curing
 r - 3 potions of heal wounds
 u - a potion of mutation
 G - a potion of might


   Skills:
 + Level 1.6 Fighting
 + Level 0.4 Short Blades
 * Level 4.8 Maces & Flails
 + Level 2.9 Dodging
 + Level 4.2 Stealth
 - Level 0.2 Unarmed Combat
 + Level 5.7 Spellcasting
 * Level 1.1 Hexes
 * Level 5.5 Summonings
 * Level 4.3 Transmutations
 + Level 4.3 Earth Magic


You had one spell level left.
You knew the following spells:

 Your Spells              Type           Power      Damage    Failure   Level
a - Sandblast             Erth           42%        2d11      1%          1
b - Passwall              Tmut/Erth      17%        N/A       3%          2
c - Stone Arrow           Conj/Erth      26%        3d8       14%         3
d - Summon Small Mammal   Summ           100%       N/A       1%          1
e - Petrify               Tmut/Erth      21%        N/A       19%         4
f - Call Canine Familiar  Summ           26%        N/A       3%          3
g - Leda's Liquefaction   Hex/Erth       7%         N/A       36%         4

Your spell library contained the following spells:

 Spells                   Type           Power      Damage    Failure   Level
 Animate Skeleton         Necr           10%        N/A       12%         1
 Apportation              Tloc           10%        N/A       12%         1
 Ignite Poison            Fire/Tmut/Pois 10%        N/A       19%         3
 Portal Projectile        Hex/Tloc       14%        N/A       26%         3
 Conjure Flame            Conj/Fire      5%         6-21      34%         3
 Sticky Flame             Conj/Fire      5%         2d3       75%         4


Dungeon Overview and Level Annotations

Branches:
Dungeon (8/15)             Temple (1/1) D:5            Lair (0/6) D:8

Altars:
Dithmenos
Elyvilon
Fedhas
Hepliaklqana
Makhleb
Nemelex Xobeh
Sif Muna
Vehumet
Wu Jian
Xom
Yredelemnul
Zin
The Shining One

Shops:
D:2 !   D:3 (*(

Portals:
Bailey: D:7


Innate Abilities, Weirdness & Mutations

Your life essence is reduced to manifest your ancestor. (-10% HP)
You have razor-sharp teeth.
Your natural rate of healing is unusually fast.
When hurt, damage is shared between your health and your magic reserves.
Your bite disrupts and absorbs the magic of your enemies.
Potions cannot restore your health.


Message History

The plant is lightly damaged.
The wyvern closely misses you. The howler monkey closely misses you.
The yak closely misses you. The yak gores you.
Sosibius hits the wyvern.
A sky beast comes into view.
The howler monkey hoots and howls with incredible vigour!
The yak barely misses Sosibius.
The wyvern closely misses you.
The water moccasin bites the plant.
The howler monkey misses you.
You hear an angry hiss. x2
A nearby plant withers and dies.
Sosibius barely misses the yak.
The yak gores Sosibius!
The wyvern bites you!
A steam dragon comes into view.
Found an escape hatch in the ceiling.
The steam dragon hisses angrily.
The wyvern hisses menacingly.
The wyvern completely misses you.
Sosibius has departed this plane of existence.
The water moccasin closely misses you. The water moccasin bites you.
The water moccasin barely misses you. The sky beast misses you.
The wyvern barely misses you. The wyvern misses you.
The sky beast flickers out of sight!
Deactivating autopickup; reactivate with Ctrl-A.
The wyvern completely misses you. Something barely misses you.
The wyvern misses you.
Found 27 stones.
The water moccasin misses you. As you open the door, it creaks loudly!
The wyvern bites you! The wyvern closely misses you.
The water moccasin closely misses you. The wyvern misses you.
You closely miss something. Your bite misses something. The wyvern bites you!
The water moccasin barely misses you.
The wyvern bites you but does no damage.
The wyvern bites you.
* * * LOW HITPOINT WARNING * * *
The water moccasin closely misses you.
Okay, then.
Okay, then.
You feel yourself speed up.
The water moccasin completely misses you.
The wyvern closely misses you. Something hits you but does no damage.
The wyvern bites you!
You die...

####..........P........
##..........P.......
#.....P...P..>..
#######.........P.♣..P
..........Y.......P.
.##.......D#......P.
#......YYY#.♣....P
#.......lS'S..P..
#......ll@# #+♣♣
#.#.....S...#
#.#.#####...... # #.
......... # .........
.......... ..........
####+#(....


You could see 4 yaks, a steam dragon, 3 water moccasins and 3 wyverns.

Vanquished Creatures
  A water moccasin (D:8)
  3 ice beasts
  2 black bears
  A necrophage (D:5)
  An ogre (D:4)
  A kobold brigand (D:6)
  A bullfrog (D:5)
  A scorpion (D:5)
  A wyvern skeleton (D:5)
  5 wights
  A howler monkey (D:8)
  A centaur zombie (D:6)
  A jelly (D:6)
  A centaur skeleton (D:5)
  A hound (D:6)
  A bullfrog skeleton (D:4)
  An iguana (D:5)
  A hound skeleton (D:5)
  Robin (D:2)
  5 adders
  2 white imps (D:6)
  An ufetubus (D:6)
  3 worms
  3 dart slugs
  15 orcs
  8 bats
  5 endoplasms
  5 giant cockroaches
  16 goblins
  11 hobgoblins
  2 jackals (D:4)
  4 quokkas
  12 ball pythons
  5 frilled lizards
  14 kobolds
  4 rats
141 creatures vanquished.

Vanquished Creatures (collateral kills)
  A wyvern (D:8)
  A sky beast (D:7)
  An ogre (D:5)
  A scorpion (D:7)
  A wight (D:7)
  A centaur zombie (D:5)
  A howler monkey (D:8)
  A hound (D:5)
  An adder (D:6)
  A white imp (D:7)
  3 goblins (D:7)
  2 kobolds (D:6)
15 creatures vanquished.

Vanquished Creatures (others)
  3 ancestors
  A fungus (D:8)
  7 plants (D:8)
11 creatures vanquished.

Grand Total: 167 creatures vanquished

Notes
Turn   | Place    | Note
-------+----------+-------------------------------------------
     0 | D:1      | croobank the Vine Stalker Earth Elementalist began the
                  | quest for the Orb.
     0 | D:1      | Reached XP level 1. HP: 9/9 MP: 4/4
   199 | D:1      | Reached XP level 2. HP: 12/13 MP: 6/6
   763 | D:1      | Learned a level 2 spell: Passwall
   810 | D:1      | Reached XP level 3. HP: 16/16 MP: 2/7
   876 | D:1      | Learned a level 3 spell: Stone Arrow
  1327 | D:1      | Learned a level 1 spell: Summon Small Mammal
  1785 | D:2      | Found a faded altar of an unknown god.
  1889 | D:2      | Gained mutation: Your natural rate of healing is unusually
                  | fast. [Vine Stalker growth]
  1889 | D:2      | Reached XP level 4. HP: 12/21 MP: 3/9
  2286 | D:2      | Found Himeac's Distillery.
  2295 | D:2      | Noticed Robin
  2311 | D:2      | Killed Robin
  2313 | D:2      | Reached skill level 1 in Maces & Flails
  2712 | D:3      | Found Asap's Weapon Shoppe.
  2717 | D:3      | Found Ittat's Assorted Antiques.
  2732 | D:3      | Bought a scroll of identify for 46 gold pieces
  2823 | D:3      | Reached XP level 5. HP: 24/24 MP: 8/10
  3183 | D:3      | Found Monnepene's Antique Weapon Emporium.
  3424 | D:4      | Reached skill level 1 in Summonings
  3779 | D:4      | Noticed an ogre
  3789 | D:5      | Entered Level 5 of the Dungeon
  3805 | D:5      | Noticed a necrophage
  3829 | D:5      | Killed a necrophage
  3830 | D:5      | Reached XP level 6. HP: 15/28 MP: 12/12
  3886 | D:5      | Noticed an ice beast
  4058 | D:4      | Reached XP level 7. HP: 32/32 MP: 11/13
  4160 | D:4      | Learned a level 4 spell: Petrify
  4703 | D:5      | Learned a level 3 spell: Call Canine Familiar
  4987 | D:5      | Gained mutation: You have razor-sharp teeth. [Vine Stalker
                  | growth]
  4987 | D:5      | Reached XP level 8. HP: 36/37 MP: 13/15
  5152 | D:5      | Found a staircase to the Ecumenical Temple.
  5161 | Temple   | Entered the Ecumenical Temple
  5183 | Temple   | Became a worshipper of Hepliaklqana the Forgotten
  5951 | D:6      | Reached skill level 5 in Spellcasting
  6213 | D:6      | Reached skill level 1 in Fighting
  6458 | D:6      | Found a shimmering blue altar of Sif Muna.
  6458 | D:6      | Found a shimmering altar of Xom.
  6465 | D:6      | Found a faded altar of an unknown god.
  6467 | D:6      | Found a sparkling altar of Nemelex Xobeh.
  6469 | D:6      | Found a radiant altar of Vehumet.
  6768 | D:7      | Reached * piety under Hepliaklqana
  6844 | D:7      | Noticed a skeletal warrior
  6865 | D:7      | Reached skill level 5 in Summonings
  6865 | D:7      | Reached XP level 9. HP: 25/36 MP: 14/18
  6870 | D:7      | Learned a level 4 spell: Leda's Liquefaction
  6903 | D:7      | HP: 1/36 [ice beast (10)]
  7104 | D:7      | Noticed a hornet
  7223 | D:7      | Found a flagged portal.
  7327 | D:8      | Reached skill level 1 in Hexes
  7336 | D:8      | Found a staircase to the Lair.
  7355 | D:8      | Mangled by a wyvern

Illustrated notes

Levels and vault maps discovered:
D:1:      minmay_arrival_jagged, layout_loops_ring, serial_bayou,
          serial_bayou_shore_b, serial_bayou_shore_a, serial_bayou_lake_a,
          serial_bayou_pond_d
D:2:      layout_loops_ring, serial_shops, nicolae_shop_waterfront,
          basic_ecumenical_altar, lemuel_old_faithful, uniq_robin
D:3:      layout_loops_ring, serial_shops, shop,
          nicolae_shop_bloodbath_and_beyond, shop,
          nicolae_elevator_lobby_asterisk
D:4:      cheibrodos_quashed, layout_basic, serial_corexii_hall,
          corexii_hall_statues_u, chequers_hall_statues_corner_a, wad_orctagon
D:5:      nicolae_cairo_tiling_large_dashed, layout_layer_cave,
          minmay_temple_entry_poolview, serial_rivers,
          chequers_serial_rivers_large_a, chequers_serial_rivers_micro_c,
          chequers_serial_rivers_small_3, chequers_serial_rivers_large_b
D:6:      layout_loops_ring, chequers_temple_overflow_minitemple
D:7:      layout_loops_cross, enter_bailey_5, st_stairs_14
D:8:      layout_basic, minmay_lair_entry_grove, minmay_crossroads
Temple:   mainiacjoe_temple_coin_purse

Skill      XL: |  1  2  3  4  5  6  7  8  9 |
---------------+----------------------------+-----
Spellcasting   | 3 4 5 |  5.7
Maces & Flails | 1 2 3 4 |  4.8
Dodging        | 2 |  2.9
Stealth        | 3 4 |  4.2
Summonings     | 2 3 5 |  5.5
Transmutations | 2 3 4 |  4.3
Earth Magic    | 4 |  4.3
Fighting       | 1 |  1.6
Hexes          | 1 |  1.1
Short Blades   | |  0.4
Unarmed Combat | |  0.2

Action                   |  1- 3 |  4- 6 |  7- 9 || total
-------------------------+-------+-------+-------++-------
Melee: Unarmed           |    26 |       |       ||    26
       Bite              |    18 |    35 |    59 ||   112
       Punch             |     1 |     3 |     2 ||     6
       Dagger            |    24 |       |       ||    24
       Whip              |       |   118 |   177 ||   295
 Fire: Hunting sling     |       |     1 |       ||     1
 Cast: Sandblast         |    35 |    21 |    17 ||    73
       Summon Small Mamm |     4 |    14 |    30 ||    48
       Call Canine Famil |       |       |    15 ||    15
  Use: Scroll            |     2 |     5 |     7 ||    14
       Potion            |       |       |     1 ||     1
 Stab: Sleeping          |     3 |     7 |     2 ||    12
       Distracted        |       |     1 |     2 ||     3
Armor: Robe              |    13 |    17 |    20 ||    50
Dodge: Dodged            |    35 |    81 |   170 ||   286
